 Dungeon Crawl Stone Soup version 0.27-a0-1200-g94dc6ad4cf (webtiles) character file.

Game seed: 11905056838886806103

564 EldarEldrad the Conjurer (level 7, -1/36 HPs)
             Began as a Deep Elf Fire Elementalist on June 1, 2021.
             Slain by a scorpion (4 damage)
             ... on level 4 of the Dungeon.
             The game lasted 00:33:36 (4954 turns).

EldarEldrad the Conjurer (DEFE)                     Turns: 4954, Time: 00:33:37

Health: -1/36      AC:  5    Str:  5    XL:     7   Next: 10%
Magic:  4/17       EV: 13    Int: 22    God:
Gold:   55         SH:  0    Dex: 21    Spells: 8/17 levels left

rFire    . . .     SeeInvis .   n - staff of conjuration
rCold    . . .     Faith    .   (no shield)
rNeg     . . .     Spirit   .   a - +0 robe
rPois    .         Reflect  .   k - +2 helmet
rElec    .         Harm     .   (no cloak)
rCorr    .         Rampage  .   (no gloves)
Will     .....                  (no boots)
Stlth    +++.......             (no amulet)
HPRegen  0.12/turn              r - +6 ring of dexterity
MPRegen  0.15/turn              (no ring)

@: very slightly contaminated
A: no striking features
a: no special abilities


You were on level 4 of the Dungeon.
You visited 1 branch of the dungeon, and saw 4 of its levels.

You collected 154 gold pieces.
You spent 99 gold pieces at shops.

Inventory:

Missiles
 l - 6 poisoned darts (quivered)
Armour
 a - a +0 robe (worn)
 k - a +2 helmet (worn)
Magical Staves
 n - a staff of conjuration (weapon)
Jewellery
 r - a +6 ring of dexterity (left hand)
Scrolls
 e - a scroll of magic mapping {unknown}
 g - 2 scrolls of fear {unknown}
 h - a scroll of teleportation {unknown}
 j - a scroll of identify {unknown}
 p - a scroll of immolation {unknown}
 q - a scroll of noise {unknown}
Potions
 b - 3 potions of brilliance
 c - a potion of heal wounds
 d - a potion of resistance {unknown}
 f - a potion of attraction {unknown}
 i - a potion of mutation {unknown}
 m - a potion of might {unknown}
 o - a potion of magic {unknown}
 s - a potion of curing


   Skills:
 - Level 2.6 Dodging
 - Level 2.7 Stealth
 + Level 5.7 Spellcasting
 * Level 5.8 Conjurations
 + Level 5.2 Fire Magic


You had 8 spell levels left.
You knew the following spells:

 Your Spells              Type           Power      Damage    Failure   Level
a - Foxfire               Conj/Fire      100%       2x1d9     1%          1
b - Conjure Flame         Conj/Fire      45%        6-21      3%          3
c - Fireball              Conj/Fire      22%        3d10      26%         5

Your spell library contained the following spells:

 Spells                   Type           Power      Damage    Failure   Level
 Dazzling Flash           Conj/Hex       56%        N/A       9%          3
 Corona                   Hex            6%         N/A       10%         1
 Summon Small Mammal      Summ           24%        N/A       10%         1
 Inner Flame              Hex/Fire       17%        N/A       10%         3
 Sticky Flame             Conj/Fire      45%        2d6       10%         4
 Call Imp                 Summ           6%         N/A       14%         2
 Ensorcelled Hibernation  Hex/Ice        12%        N/A       14%         2
 Call Canine Familiar     Summ           6%         N/A       28%         3
 Confusing Touch          Hex            6%         N/A       28%         3
 Summon Guardian Golem    Hex/Summ       6%         N/A       28%         3
 Tukima's Dance           Hex            6%         N/A       28%         3
 Summon Ice Beast         Ice/Summ       6%         N/A       67%         4
 Summon Lightning Spire   Summ/Air       6%         N/A       67%         4


Dungeon Overview and Level Annotations

Branches:
Dungeon (4/15)
 Temple: D:4-7

Altars:
Wu Jian
Xom
Yredelemnul

Shops:
D:3 !

Annotations:
D:4 Ijyb


Message History

The foxfire hits Ijyb.
Ijyb is severely wounded.
The foxfire hits Ijyb.
Ijyb is almost dead.
Ijyb closely misses you.
Casting: Foxfire (safe; 1% risk of failure)
Confirm with . or Enter, or press ? or * to list all spells.
You feel a surge of power!
You conjure some foxfire!
Ijyb barely misses you.
Casting: Foxfire (safe; 1% risk of failure)
Confirm with . or Enter, or press ? or * to list all spells.
You feel a surge of power!
You conjure some foxfire!
The foxfire hits the scorpion but does no damage.
The foxfire hits the scorpion.
The scorpion is lightly wounded.
Ijyb misses you.
Casting: Foxfire (safe; 1% risk of failure)
Confirm with . or Enter, or press ? or * to list all spells.
You feel a surge of power!
You miscast Foxfire.
You are very lightly contaminated with residual magic.
Nothing appears to happen.
The foxfire hits the scorpion.
The scorpion is heavily wounded.
The foxfire hits the scorpion!
The scorpion is almost dead.
Ijyb hits you but does no damage.
Casting: Foxfire (safe; 1% risk of failure)
Confirm with . or Enter, or press ? or * to list all spells.
You feel a surge of power!
You conjure some foxfire!
The scorpion stings you.
Ijyb zaps a wand.
The bolt of acid hits you!
You are splashed with acid!
* * * LOW HITPOINT WARNING * * *
Your foxfire dissipates!
The foxfire hits the scorpion.
The scorpion is almost dead.
Casting: Foxfire (safe; 1% risk of failure)
Confirm with . or Enter, or press ? or * to list all spells.
The spell is extremely dangerous to cast (26% risk of failure)!
Continue anyway?
Aiming: Fireball (extremely dangerous; 26% risk of failure)
Press: ? - help, Shift-Dir - straight line You feel a surge of power!
You miscast Fireball.
Nothing appears to happen.
The scorpion stings you.
You die...

######## ....... #......#
....... ##### #......# .......
#...## #......###........
.....###.................
.<....##......# .......
......##......####.......
...........#..#.@sg.>......##
...........##...#$..........
...........................##
##.........##..#............
##.......####.............
#....##.# #..##........
#....##.####..##.......#####...
#....# ......##................
##..####.###.#.....#.##.#######


You could see Ijyb and a scorpion.

Vanquished Creatures
  Eustachio (D:4)
  A bullfrog (D:4)
  A hound (D:4)
  Jessica (D:2)
  2 iguanas (D:4)
  Terence (D:2)
  Natasha (thrice) (D:2)
  Robin (D:3)
  5 adders
  A worm (D:2)
  5 dart slugs
  5 orcs
  4 ball pythons
  2 bats (D:2)
  8 endoplasms
  A giant cockroach (D:3)
  17 goblins
  5 hobgoblins
  12 jackals
  2 quokkas
  5 frilled lizards
  3 kobolds
  7 rats
93 creatures vanquished.

Vanquished Creatures (others)
  274 foxfires
274 creatures vanquished.

Grand Total: 367 creatures vanquished

Notes
Turn   | Place    | Note
-------+----------+-------------------------------------------
     0 | D:1      | EldarEldrad the Deep Elf Fire Elementalist began the quest
                  | for the Orb.
     0 | D:1      | Reached XP level 1. HP: 10/10 MP: 6/6
   380 | D:1      | Found a faded altar of an unknown god.
   393 | D:1      | Reached XP level 2. HP: 15/15 MP: 6/8
  1403 | D:2      | Reached XP level 3. HP: 19/19 MP: 5/10
  1636 | D:2      | Learned a level 3 spell: Conjure Flame
  1824 | D:2      | You fall into a shaft and drop 1 floor!
  1991 | D:3      | Found Haefruru's Distillery.
  1999 | D:3      | Bought a potion of heal wounds for 55 gold pieces
  2022 | D:2      | Found a basalt altar of Yredelemnul.
  2128 | D:2      | Noticed Natasha
  2134 | D:2      | Killed Natasha
  2135 | D:2      | Reached XP level 4. HP: 14/24 MP: 5/11
  2283 | D:2      | Noticed Natasha
  2290 | D:2      | Killed Natasha
  2424 | D:2      | Noticed Natasha
  2429 | D:2      | Killed Natasha
  2430 | D:2      | Reached XP level 5. HP: 28/28 MP: 8/13
  2760 | D:2      | Noticed Terence
  2774 | D:2      | Killed Terence
  2893 | D:2      | Noticed Jessica
  2896 | D:2      | Killed Jessica
  3039 | D:2      | Learned a level 5 spell: Fireball
  3174 | D:3      | Bought a potion of brilliance for 44 gold pieces
  3225 | D:3      | Noticed Robin
  3233 | D:3      | Killed Robin
  3948 | D:4      | Noticed Eustachio
  3956 | D:4      | Killed Eustachio
  3957 | D:4      | Reached skill level 5 in Spellcasting
  3957 | D:4      | Reached skill level 5 in Conjurations
  3957 | D:4      | Reached XP level 6. HP: 32/32 MP: 7/15
  4038 | D:4      | Reached skill level 5 in Fire Magic
  4543 | D:4      | Reached XP level 7. HP: 27/36 MP: 13/17
  4864 | D:4      | Found a shimmering altar of Xom.
  4864 | D:4      | Found an ornate altar of the Wu Jian Council.
  4942 | D:4      | Noticed Ijyb
  4954 | D:4      | Slain by a scorpion

Illustrated notes

Levels and vault maps discovered:
D:1:      dpeg_arrival_snail, layout_basic, chequers_ecumenical_altar_twisty
D:2:      layout_loops_ring, basic_altar, hangedman_decor_points, uniq_natasha,
          uniq_jessica, uniq_terence
D:3:      layout_loops_ring, serial_shops, shop, uniq_robin
D:4:      layout_rooms, amethyst_overflow_temple_binary, uniq_ijyb,
          uniq_eustachio

Skill      XL: |  1  2  3  4  5  6 |
---------------+-------------------+-----
Conjurations   | 2 3 5 |  5.8
Fire Magic     | 4 5 |  5.2
Spellcasting   | 4 5 |  5.7
Dodging        | |  2.6
Stealth        | |  2.7

Action                   |  1- 3 |  4- 6 |  7- 9 || total
-------------------------+-------+-------+-------++-------
Melee: Unarmed           |     1 |       |       ||     1
       Dagger            |       |    14 |       ||    14
       Staff             |       |     2 |       ||     2
Throw: Dart              |       |     1 |       ||     1
 Cast: Foxfire           |    72 |   100 |    19 ||   191
       Conjure Flame     |     2 |     1 |       ||     3
  Use: Potion            |       |     3 |       ||     3
       Scroll            |       |     1 |       ||     1
Armor: Robe              |     1 |     4 |     3 ||     8
Dodge: Dodged            |    10 |    29 |     6 ||    45

Table legend: (Time is in decaauts)
 A = Elapsed time spent in this place.
 B = Non-inter-level travel time spent in this place.
 C = Inter-level travel time spent in this place.
 D = Time resting spent in this place.
 E = Time spent auto-exploring this place.
 F = Levels seen in this place.
 G = Mean time per level.
                   A        B        C        D        E       F      G
               +--------+--------+--------+--------+--------+-----+--------+
         Total |   4952 |   4829 |    123 |   1816 |   2127 |   4 | 1238.0 |
       Dungeon |   4952 |   4829 |    123 |   1816 |   2127 |   4 | 1238.0 |
               +--------+--------+--------+--------+--------+-----+--------+

Top non-repeatable levels by time:
     D:2: 1479 daAuts
     D:1: 1373 daAuts
     D:3: 1093 daAuts
     D:4: 1005 daAuts
